AoeStats
← akyavuzer78

Arabian Desert

510311782Analyzed
1v1 RM · 2d ago on Sep 30, 2026· 29m 34s· 2 players
Game mode
Random Map
Map size
Tiny (2 player)
Population
200
Speed
Normal
Resources
Standard
Victory
Conquest
Starting age
Dark Age
Ending age
Imperial Age
RankedLock teamsTeams togetherTeam positionsShared explorationLock speedFull tech treeHidden civsTurbo modeCheats
Victory
Defeat
🇨🇳 Ethiopians · China
689
+20
🇹🇷 Franks · Türkiye
712
-17
摸鱼大王
12:02 Feudal Age
10:47 Loom
15:29 Horse Collar
18:18 Castle Age
16:58 Fletching
17:15 Double-Bit Axe
18:44 Crossbowman
20:48 Bodkin Arrow
21:07 Bow Saw
21:13 Heavy Plow
22:32 Gold Mining
23:29 Loom
24:20 Wheelbarrow
25:05 Stone Mining
25:53 Gold Shaft Mining
26:43 Squires
27:37 Thumb Ring
akyavuzer78
10:40 Feudal Age
11:09 Double-Bit Axe
15:39 Wheelbarrow
15:46 Wheelbarrow
21:03 Castle Age
22:35 Scale Barding Armor
22:42 Forging
22:39 Husbandry
24:32 Hand Cart
25:14 Chain Barding Armor
Connection lost

Rejoining the realm…

Still unreachable

The connection could not be restored.

Session expired

The server has moved on; the page needs a fresh start.